 Dungeon Crawl Stone Soup version 0.31.0-9-g3a7656b989 (webtiles) character file.

Game seed: 5245779755616538655

61 qw the Shooter (level 3, -2/20 HPs)
             Began as a Deep Elf Hunter on Feb 2, 2024.
             Slain by a jackal (3 damage)
             ... on level 2 of the Dungeon.
             The game lasted 00:00:04 (1104 turns).

qw the Shooter (Deep Elf Hunter)                    Turns: 1104, Time: 00:00:04

Health: -2/20      AC:  3    Str: 10    XL:     3   Next: 83%
Magic:  5/5        EV: 12    Int: 13    God:
Gold:   70         SH:  0    Dex: 18    Spells: 2/2 levels left

rFire   . . .        a - +0 shortbow
rCold   . . .        (shield currently unavailable)
rNeg    . . .        c - +0 leather armour
rPois   .            (no helmet)
rElec   .            (no cloak)
rCorr   .            (no gloves)
SInv    .            (no boots)
Will    .....        (no amulet)
Stlth   ++           (no ring)
HPRegen 0.23/turn    (no ring)
MPRegen 0.09/turn

%: no passive effects
@: no status effects
A: no striking features
a: no special abilities


You were on level 2 of the Dungeon.
You visited 1 branch of the dungeon, and saw 2 of its levels.

You collected 70 gold pieces.


   Skills:
 - Level 1.5 Fighting
 + Level 7.3 Ranged Weapons
 - Level 2.4 Dodging
 - Level 1.2 Stealth


You had 2 spell levels left.
You didn't know any spells.
Your spell library was empty.

Inventory:

Hand Weapons
 a - a +0 shortbow (weapon)
Armour
 c - a +0 leather armour (worn)
 i - a +0 ring mail
Jewellery
 e - a ring of fire
Scrolls
 f - a scroll of amnesia {unknown}
 h - a scroll of teleportation {unknown}
 j - a scroll of enchant armour {unknown}
Potions
 b - a potion of mutation {unknown}
 d - a potion of haste {unknown}
 g - a potion of invisibility {unknown}

Dungeon Overview and Level Annotations

Branches:
Dungeon (2/15)

Altars:


Message History

You shoot an arrow. The arrow closely misses the jackal.
The arrow hits the jackal but does no damage.
The jackal barely misses you.
A hobgoblin comes into view.
The jackal closely misses you.
You shoot an arrow. The arrow barely misses the jackal.
The hobgoblin shouts!
The jackal barely misses you. The jackal closely misses you.
You shoot an arrow. The arrow hits the jackal!
You kill the jackal!
The jackal barely misses you. x2; The jackal bites you.
The jackal closely misses you. The jackal barely misses you.
You shoot an arrow. The arrow hits the jackal!
You kill the jackal!
The jackal closely misses you. x2; The jackal bites you.
You shoot an arrow. The arrow completely misses the jackal.
The jackal bites you but does no damage.
The jackal barely misses you. The jackal closely misses you.
You shoot an arrow. The arrow hits the jackal.
You kill the jackal!
The jackal bites you.
You shoot an arrow.
The arrow hits the hobgoblin but does no damage.
The jackal bites you. The hobgoblin hits you. The hobgoblin misses you.
The jackal barely misses you.
You shoot an arrow. The arrow barely misses the hobgoblin.
The jackal bites you. The hobgoblin closely misses you.
The hobgoblin misses you.
You shoot an arrow. The arrow hits the hobgoblin.
The hobgoblin is moderately wounded.
The jackal closely misses you. The hobgoblin hits you.
The hobgoblin closely misses you.
The jackal bites you but does no damage.
You shoot an arrow. The arrow hits the hobgoblin.
The hobgoblin is severely wounded.
The jackal barely misses you. The hobgoblin hits you. x2
You shoot an arrow. The arrow hits the hobgoblin!
You kill the hobgoblin!
The jackal bites you.
You die...

#...##.......######.##...
#...####..#..............
##### #...#.............
##...........#.###
#####................#
#.....##..............
#.............#....###
#.....................
#...g@................
##..h.%...............
#............#.......
#.........####.......
#..........<.........
.........###.########
........... ..
...........<#


You could see a jackal and a hobgoblin.

Vanquished Creatures
  2 adders (D:2)
  2 dart slugs (D:1)
  A ribbon worm (D:2)
  3 endoplasms
  A giant cockroach (D:1)
  7 goblins
  4 hobgoblins
  3 jackals (D:2)
  2 quokkas
  A ball python (D:1)
  2 bats (D:1)
  2 frilled lizards
  2 kobolds (D:1)
  4 rats (D:1)
36 creatures vanquished.

Notes
Turn   | Place    | Note
-------+----------+-------------------------------------------
     0 | D:1      | qw the Deep Elf Hunter began the quest for the Orb.
     0 | D:1      | Reached XP level 1. HP: 12/12 MP: 3/3
     0 | D:1      | 0 ||| qw: Version: 0.3-a-155-g5e7d8dd
     0 | D:1      | 0 ||| qw: Game counter: 2189
     0 | D:1      | 0 ||| qw: Melee chars always use a shield: true
     0 | D:1      | 0 ||| qw: God list: Okawaru
     0 | D:1      | 0 ||| qw: Allow faded altars: false
     0 | D:1      | 0 ||| qw: Do Orc after clearing Dungeon:15 true
     0 | D:1      | 0 ||| qw: Do second Lair branch before Depths: true
     0 | D:1      | 0 ||| qw: Lair rune preference: random
     0 | D:1      | 0 ||| qw: Goals: Normal
     0 | D:1      | 0 ||| PLANNING D:1-11
   172 | D:1      | Reached XP level 2. HP: 16/16 MP: 4/4
   177 | D:1      | Reached skill level 6 in Ranged Weapons
   267 | D:1      | Found a faded altar of an unknown god.
   781 | D:1      | 781 ||| DROPPING scarf of invisibility.
   782 | D:1      | 782 ||| READING scroll labelled QYDDOF ARYFE.
   783 | D:1      | 783 ||| READING scroll labelled ZACLEH QEDDOAH.
   814 | D:1      | 814 ||| DROPPING scroll of butterflies.
   873 | D:2      | Reached XP level 3. HP: 20/20 MP: 5/5
   889 | D:2      | Reached skill level 7 in Ranged Weapons
   935 | D:2      | HP: 5/20 [quokka (3)]
  1102 | D:2      | HP: 4/20 [hobgoblin (4)]
  1103 | D:2      | HP: 1/20 [hobgoblin (3)]
  1104 | D:2      | Slain by a jackal

Levels and vault maps discovered:
D:1:      ncdulo_halloftheorcs, layout_loops_ring,
          shapermc_ecumenical_altar_venn
D:2:      layout_rooms, basic_altar

Skill      XL: |  1  2  3 |
---------------+----------+-----
Ranged Weapons | 6 7 |  7.3
Fighting       | |  1.5
Dodging        | |  2.4
Stealth        | |  1.2

Action                     || total
---------------------------++-------
   Fire: Shortbow          ||   107
    Use: Scroll            ||     2
 Armour: Leather armour    ||    31
  Dodge: Dodged            ||    33

Table legend:
 A = Non-vault XP
 B = Vault XP
 C = Vault XP percentage of total XP
 D = Non-vault monster count
 E = Vault monster count
 F = Vault count percentage of total count
                 A         B        C        D         E       F
            +---------+---------+-------+---------+---------+-------
      Total |      90 |       0 |   0.0 |      36 |       0 |   0.0
            +---------+---------+-------+---------+---------+-------
        D:1 |      38 |       0 |   0.0 |      22 |       0 |   0.0
        D:2 |      52 |       0 |   0.0 |      14 |       0 |   0.0
            +---------+---------+-------+---------+---------+-------
